 Dungeon Crawl Stone Soup version 0.19.1 (webtiles) character file.

117 balthal the Charmwright (level 4, -1/30 HPs)
             Began as a High Elf Skald on Dec 15, 2016.
             Slain by an iguana (10 damage)
             ... on level 4 of the Dungeon.
             The game lasted 00:07:21 (2278 turns).

balthal the Charmwright (High Elf Skald)            Turns: 2278, Time: 00:07:22

Health: -1/30      AC:  6    Str: 10 (12) XL:     4   Next: 71%
Magic:  2/9        EV: 11    Int: 14 (16) God:
Gold:   112        SH:  0    Dex: 12 (14) Spells: 4 memorised, 1 level left

rFire  . . .     SeeInvis .     a - +0 falchion
rCold  + . .     Gourm    .     b - +0 leather armour
rNeg   . . .     Faith    .     (no shield)
rPois  .         Spirit   .     r - +1 helmet
rElec  .         Reflect  .     g - +0 cloak
rCorr  .         Harm     .     (no gloves)
MR     .....                    (no boots)
Stlth  +.........               (no amulet)
                                (no ring)
                                s - ring of protection from cold

@: infused, singing
A: no striking features
a: Stop Singing


You were on level 4 of the Dungeon.
You were full.

You visited 1 branch of the dungeon, and saw 4 of its levels.

You collected 112 gold pieces.

Inventory:

Hand Weapons
 a - a +0 falchion (weapon)
 k - a +0 hunting sling
 t - a -1 war axe
Missiles
 i - 21 sling bullets
Armour
 b - a +0 leather armour (worn)
 g - a +0 cloak (worn)
 r - a +1 helmet (worn)
Jewellery
 l - an uncursed ring of magical power
 m - an uncursed ring of ice
 n - an uncursed ring of flight
 q - an uncursed ring of wizardry
 s - a ring of protection from cold (left hand)
 w - a cursed ring of loudness {unknown}
Scrolls
 e - a scroll of remove curse
Potions
 j - a potion of heal wounds
Books
 c - a book of Battle

   Spells                             Type                      Level
   a - Infusion                       Charms                       1
   b - Shroud of Golubria             Charms/Translocation         2
   c - Song of Slaying                Charms                       2
   d - Spectral Weapon                Hexes/Charms                 3
   e - Regeneration                   Charms/Necromancy            3
Comestibles
 d - 3 bread rations
 h - 5 fruits
 p - a royal jelly


   Skills:
 + Level 2.4 Fighting
 + Level 3.9 Long Blades
 + Level 1.6 Armour
 + Level 1.4 Dodging
 + Level 3.1 Spellcasting
 + Level 4.5 Charms


You had one spell level left.
You knew the following spells:

 Your Spells              Type           Power        Failure   Level  Hunger
a - Infusion              Chrm           ##..         6%          1    #......
b - Song of Slaying       Chrm           ##......     10%         2    ##.....
c - Spectral Weapon       Hex/Chrm       #.......     34%         3    ###....
d - Shroud of Golubria    Chrm/Tloc      #.........   17%         2    ##.....


Dungeon Overview and Level Annotations

Branches:
Dungeon (4/15)
 Temple: D:4-7

Altars:
Ashenzari


Message History

The iguana is moderately wounded.
You hit the iguana.
The iguana is heavily wounded.
The jackal skeleton bites you but does no damage.
The iguana bites you. The jackal skeleton barely misses you.
You hit the iguana.
The iguana is severely wounded.
The jackal skeleton barely misses you. The iguana bites you.
You hit the jackal skeleton.
The jackal skeleton is heavily damaged.
The jackal skeleton bites you but does no damage.
The iguana barely misses you.
You hit the jackal skeleton.
You destroy the jackal skeleton!
The iguana bites you.
* * * LOW HITPOINT WARNING * * *
You completely miss the iguana.
The iguana is severely wounded.
The iguana bites you!
You die...

..#############
#.....l@.......
..#######...###
#.# .. #


You could see an iguana.

Vanquished Creatures
  Robin (D:3)
  4 adders
  An ooze (D:1)
  A worm (D:3)
  3 dart slugs
  2 leopard geckos (D:1)
  2 giant cockroaches
  13 goblins
  4 hobgoblins (D:3)
  2 quokkas (D:3)
  2 ball pythons
  6 bats
  3 frilled lizards
  A jackal skeleton (D:4)
  5 kobolds
  10 rats
60 creatures vanquished.

Notes
Turn   | Place    | Note
-------+----------+-------------------------------------------
     0 | D:1      | balthal the High Elf Skald began the quest for the Orb.
     0 | D:1      | Reached XP level 1. HP: 14/14 MP: 4/4
   133 | D:1      | Reached XP level 2. HP: 15/19 MP: 6/6
   137 | D:1      | Learned a level 2 spell: Song of Slaying
   287 | D:1      | Reached skill level 4 in Charms
   305 | D:1      | Reached skill level 1 in Armour
   476 | D:1      | Reached XP level 3. HP: 11/24 MP: 3/7
   504 | D:1      | Learned a level 3 spell: Spectral Weapon
   806 | D:2      | Found a shattered altar of Ashenzari.
  1246 | D:3      | Reached XP level 4. HP: 27/30 MP: 0/9
  1776 | D:3      | Noticed Robin
  1792 | D:3      | Killed Robin
  2249 | D:3      | Learned a level 2 spell: Shroud of Golubria
  2278 | D:4      | Slain by an iguana

Skill      XL: |  1  2  3  4 |
---------------+-------------+-----
Charms         | 4 |  4.5
Long Blades    | 3 |  3.9
Armour         | 1 |  1.6
Spellcasting   | 3 |  3.1
Fighting       | |  2.4
Dodging        | |  1.4

Action                   |  1- 3 |  4- 6 || total
-------------------------+-------+-------++-------
Melee: Falchion          |    93 |    54 ||   147
 Cast: Infusion          |    14 |     6 ||    20
       Song of Slaying   |     1 |     4 ||     5
  Use: Scroll            |     6 |     3 ||     9
       Potion            |       |     5 ||     5
  Eat: Beef jerky        |     1 |       ||     1
       Fruit             |       |     3 ||     3
       Meat ration       |       |     1 ||     1
Armor: Leather armour    |    33 |    28 ||    61
Dodge: Dodged            |    76 |    48 ||   124
       Rpst.: Falchion   |    24 |    14 ||    38
